 Dungeon Crawl Stone Soup version 0.25-a0-302-g9f758675c1 (webtiles) character file.

Game seed: 452901563370287244, levelgen mode: deterministic

14715 DerDa the Thaumaturge (level 12, -12/68 HPs)
             Began as a Gargoyle Earth Elementalist on Dec 20, 2019.
             Was an Elder of Sif Muna.
             Mangled by an enormous slime creature (77 damage)
             ... on level 12 of the Dungeon.
             The game lasted 00:43:29 (10735 turns).

DerDa the Thaumaturge (GrEE)                       Turns: 10735, Time: 00:43:30

Health: -12/68     AC: 14    Str: 13    XL:     12   Next: 19%
Magic:  21/27      EV: 11    Int: 20    God:    Sif Muna [****..]
Gold:   904        SH:  0    Dex: 10    Spells: 8/34 levels left

rFire    . . .     SeeInvis +   L - +2 whip (elec)
rCold    . . .     Gourm    .   (no shield)
rNeg     + . .     Faith    .   k - +0 troll leather armour
rPois    ∞         Spirit   .   (no helmet)
rElec    +         Reflect  .   Y - scarf {repulsion}
rCorr    .         Harm     .   r - +0 pair of gloves
MR       .....                  (no boots)
Stlth    ++........             W - amulet of magic regeneration
HPRegen  0.61/turn              P - ring of see invisible
MPRegen  0.45/turn              c - +1 ring of protection (curse)

@: studying Invocations, repel missiles
A: negative energy resistance 1, electricity resistance, unbreathing,
petrification resistance, rot immunity, AC +8
a: Channel Magic, Forget Spell, Divine Exegesis, Renounce Religion


You were on level 12 of the Dungeon.
You worshipped Sif Muna.
Sif Muna was greatly pleased with you.
You were not hungry.

You visited 2 branches of the dungeon, and saw 13 of its levels.
You also visited: Ossuary.

You collected 904 gold pieces.

Inventory:

Hand Weapons
 w - the +5 hunting sling of Nontuots {velocity, MR+ Int+4}
   (You found it on level 8 of the Dungeon)

   Any stone fired from it inflicts extra damage.
   It affects your intelligence (+4).
   It affects your resistance to hostile enchantments.
 D - a +2 war axe of freezing
 L - a +2 whip of electrocution (weapon)
Missiles
 b - 289 stones (quivered)
 m - 33 poisoned darts
 y - 13 sling bullets
 N - 67 bolts
 S - 7 boomerangs of dispersal
Armour
 k - a +0 troll leather armour (worn)
 l - a +0 robe of cold resistance
 r - a +0 pair of gloves (worn)
 Y - a scarf of repulsion (worn)
Jewellery
 c - a cursed +1 ring of protection (right hand)
 A - an uncursed ring of ice
 B - an uncursed amulet of regeneration
 P - a ring of see invisible (left hand)
 T - an uncursed ring of ice
 W - an amulet of magic regeneration (around neck)
Wands
 E - a wand of enslavement (27)
 F - a wand of acid (8)
 J - a wand of random effects (34)
 V - a wand of iceblast (17)
Scrolls
 a - 8 scrolls of enchant armour
 e - a scroll of summoning
 g - 2 scrolls of amnesia
 j - 12 scrolls of remove curse
 n - 4 scrolls of immolation
 q - 11 scrolls of teleportation
 s - 5 scrolls of magic mapping
 t - 4 scrolls of blinking
 z - 4 scrolls of enchant weapon
Potions
 f - a potion of invisibility
 o - 2 potions of heal wounds
 u - 2 potions of agility
 v - a potion of cancellation
 x - 5 potions of lignification
 G - 2 potions of curing
 K - a potion of haste
 M - a potion of flight
 O - a potion of ambrosia {unknown}
 U - a potion of resistance {unknown}
Books
 i - a manual of Invocations
Miscellaneous
 C - a phantom mirror
Comestibles
 d - 27 rations
 h - 12 chunks of flesh


   Skills:
 + Level 5.5 Fighting
 - Level 1.5 Dodging
 - Level 2.1 Stealth
 * Level 11.8 Spellcasting
 + Level 9.7 Conjurations
 - Level 0.7 Transmutations
 + Level 11.2 Earth Magic
 + Level 8.1 Invocations


You had 8 spell levels left.
You knew the following spells:

 Your Spells              Type           Power        Failure   Level  Hunger
a - Sandblast             Erth           ######       1%          1    None
b - Passwall              Tmut/Erth      #####...     1%          2    None
c - Petrify               Tmut/Erth      #####...     6%          4    #......
d - Lee's Rapid Deconstr  Erth           ######....   1%          5    ####...
e - Bolt of Magma         Conj/Fire/Erth #####.....   12%         5    ####...
f - Iron Shot             Conj/Erth      ######....   16%         6    ######.
h - Stone Arrow           Conj/Erth      ######       1%          3    None

Your spell library contained the following spells:

 Spells                   Type           Power        Failure   Level  Hunger
 Leda's Liquefaction      Hex/Erth       ####......   7%          4    #......
 Corona                   Hex            ##.....      8%          1    None
 Slow                     Hex            ##......     11%         2    None
 Inner Flame              Hex/Fire       ##......     22%         3    None
 Portal Projectile        Hex/Tloc       ##....       22%         3    None
 Iskenderun's Battlesphe  Conj/Chrm      ####....     26%         5    ####...
 Cause Fear               Hex            ##........   58%         4    #......
 Orb of Destruction       Conj           ######....   75%         7    #######
 Spellforged Servitor     Conj/Summ      ####......   100%        7    #######


Dungeon Overview and Level Annotations

Branches:
Dungeon (12/15)            Temple (1/1) D:5            Lair (0/6) D:10
Ossuary (visited)
    Orc: D:9-12

Altars:
Ashenzari
Cheibriados
Dithmenos
Elyvilon
Fedhas
Gozag
Hepliaklqana
Kikubaaqudgha
Makhleb
Nemelex Xobeh
Okawaru
Qazlal
Ru
Sif Muna
Trog
Uskayaw
Vehumet
Wu Jian
Xom
Yredelemnul
Zin
The Shining One

Shops:
D:7 (   D:9 (


Innate Abilities, Weirdness & Mutations

You are resistant to torment.
Your stone body is resilient. (AC +8)
You are immune to poison.
You resist negative energy. (rN+)
You are resistant to electric shocks. (rElec)
You can survive without breathing.
You are immune to petrification.
You are immune to rotting.


Message History

The large slime creature is severely wounded.
Two slime creatures merge to form an enormous slime creature.
An adder comes into view.
The adder hisses angrily.
The adder bites you. The adder bites you.
You hit the adder. Lightning courses through the adder!!
You kill the adder!
Sif Muna accepts your kill.
Casting: Lee's Rapid Deconstruction (safe; 1% risk of failure)
Confirm with . or Enter, or press ? or * to list all spells.
Aiming: Sandblast (safe; 1% risk of failure)
Press: ? - help, Shift-Dir - straight line, f - enormous slime creature
Aim: an enormous slime creature (heavily wounded)
The blast of sand hits the enormous slime creature!
The enormous slime creature is heavily wounded.
b - 289 stones The enormous slime creature hits you!!!!
Ouch! That really hurt!
You die...

##+ .<.. #.. ###+### .....
###.##### ###.....# .....J####
#.......# #.'.....#
......'..###.......# ####.#..†..#
......##J.##.......###....#.....#
..... ##.##.......#...####>....#
.... #.J#.......#.### #.....# ...
##...J.J@..÷.# #.....# .<
###.......### #.....# # #####.###
####'## #.## #... #..# ###### ###
##.# #..... #.#######.## #.....
##..##.....#########.....
##...............##...).


You could see an enormous slime creature and 2 slime creatures.

Vanquished Creatures
  Harold (D:7)
  2 two-headed ogres
  2 skeletal warriors (D:11)
  Pikel (D:7)
  2 guardian serpents (D:10)
  Psyche (D:8)
  3 trolls
  Grinder (D:5)
  A hippogriff (D:7)
  A wyvern (D:8)
  A human (D:7)
  3 hogs (D:7)
  11 yaks
  A hungry ghost (D:7)
  Menkaure (D:7)
  Duvessa (D:5)
  A hornet zombie (D:10)
  An ice beast (D:11)
  7 sky beasts
  3 phantoms
  An orc warrior (D:6)
  3 ogres
  8 centaurs
  2 big kobolds (D:9)
  4 bullfrogs
  Dowan (D:5)
  4 scorpions
  24 killer bees
  9 wights
  2 howler monkeys (D:8)
  An electric eel (D:6)
  9 crimson imps
  2 centaur zombies (Ossuary)
  A bullfrog zombie (D:8)
  11 hounds
  2 jellies
  3 centaur skeletons
  A human zombie (Ossuary)
  A quasit (D:7)
  2 bullfrog skeletons
  5 orc priests
  8 orc wizards
  3 iguanas
  4 worker ants
  2 killer bee zombies (D:8)
  A big kobold zombie (Ossuary)
  A hound skeleton (D:5)
  2 mummies (Ossuary)
  3 worker ant zombies
  6 gnolls
  10 adders
  A shadow imp (D:6)
  An ooze (D:3)
  3 adder zombies
  An adder skeleton (D:7)
  2 worms (D:4)
  A dart slug (D:1)
  7 leopard geckos
  31 orcs
  5 giant cockroaches
  6 goblins
  7 hobgoblins
  4 jackals
  5 quokkas
  2 ball pythons
  6 bats
  13 frilled lizards
  10 hobgoblin zombies (Ossuary)
  A jackal skeleton (D:8)
  A jackal zombie (Ossuary)
  16 kobolds
  9 kobold zombies
  8 orc zombies (Ossuary)
  A quokka zombie (D:6)
  7 rats
  3 rat zombies (Ossuary)
332 creatures vanquished.

Vanquished Creatures (others)
  A slave (D:7)
  A bullfrog (D:7)
  A mummy (D:7)
  An orc zombie (D:7)
4 creatures vanquished.

Grand Total: 336 creatures vanquished

Notes
Turn   | Place    | Note
-------+----------+-------------------------------------------
     0 | D:1      | DerDa the Gargoyle Earth Elementalist began the quest for
                  | the Orb.
     0 | D:1      | Reached XP level 1. HP: 10/10 MP: 3/3
   390 | D:1      | Reached XP level 2. HP: 15/15 MP: 1/5
   738 | D:1      | Reached XP level 3. HP: 17/19 MP: 7/7
   819 | D:1      | Learned a level 2 spell: Passwall
   823 | D:1      | Learned a level 3 spell: Stone Arrow
  1561 | D:2      | Reached XP level 4. HP: 6/24 MP: 5/8
  1806 | D:2      | Reached skill level 1 in Conjurations
  2565 | D:4      | Reached XP level 5. HP: 27/28 MP: 7/10
  2952 | D:4      | Reached skill level 5 in Earth Magic
  3106 | D:4      | Reached XP level 6. HP: 32/32 MP: 12/12
  3286 | D:4      | Learned a level 4 spell: Petrify
  3299 | D:5      | Entered Level 5 of the Dungeon
  3492 | D:5      | Noticed a phantom
  3542 | D:5      | Killed a phantom
  3542 | D:5      | Reached skill level 5 in Spellcasting
  3542 | D:5      | Reached XP level 7. HP: 32/36 MP: 4/14
  3695 | D:5      | Noticed Dowan
  3732 | D:5      | Noticed Duvessa
  3738 | D:5      | Killed Duvessa
  3741 | D:5      | Killed Dowan
  4001 | D:5      | Reached XP level 8. HP: 36/41 MP: 11/17
  4008 | D:5      | Noticed Grinder
  4012 | D:5      | Killed Grinder
  4127 | D:5      | Found a blossoming altar of Fedhas.
  4127 | D:5      | Found an ornate altar of the Wu Jian Council.
  4127 | D:5      | Found a shimmering blue altar of Sif Muna.
  4137 | D:5      | Became a worshipper of Sif Muna the Loreminder
  4173 | D:5      | Found a staircase to the Ecumenical Temple.
  4187 | Temple   | Entered the Ecumenical Temple
  4671 | D:7      | Learned a level 5 spell: Lee's Rapid Deconstruction
  4686 | D:7      | Noticed Pikel
  4702 | D:7      | Killed Pikel
  4702 | D:7      | Reached skill level 5 in Conjurations
  4720 | D:7      | Found a sand-covered staircase.
  4730 | Ossuary  | Entered an ossuary
  4939 | Ossuary  | Reached * piety under Sif Muna
  4946 | Ossuary  | Reached XP level 9. HP: 36/45 MP: 10/20
  5161 | D:7      | Noticed Harold
  5192 | D:7      | Noticed Menkaure
  5682 | D:6      | Reached ** piety under Sif Muna
  6430 | D:7      | Killed Menkaure
  6692 | D:7      | Killed Harold
  6692 | D:7      | Reached XP level 10. HP: 46/50 MP: 2/23
  6745 | D:7      | Found Cuxuusef's Antique Weapon Boutique.
  6962 | D:8      | Noticed Psyche
  6966 | D:8      | Reached skill level 1 in Invocations
  6969 | D:8      | Killed Psyche
  6969 | D:8      | Reached skill level 1 in Fighting
  6969 | D:8      | Reached skill level 10 in Spellcasting
  7031 | D:8      | Got a warped plate armour
  7038 | D:8      | Found a sparkling altar of Nemelex Xobeh.
  7105 | D:8      | Reached *** piety under Sif Muna
  7272 | D:8      | Reached skill level 10 in Earth Magic
  7304 | D:8      | Got a jewelled hunting sling
  7420 | D:8      | Identified the +5 hunting sling of Nontuots {velocity, MR+
                  | Int+4} (You found it on level 8 of the Dungeon)
  7814 | D:9      | Reached XP level 11. HP: 53/59 MP: 25/25
  7866 | D:9      | Noticed a two-headed ogre
  7877 | D:9      | Killed a two-headed ogre
  8018 | D:9      | Reached **** piety under Sif Muna
  8018 | D:9      | Reached skill level 5 in Invocations
  8309 | D:9      | Found Sewode's Weapon Emporium.
  8671 | D:10     | Entered Level 10 of the Dungeon
  8671 | D:10     | Noticed a two-headed ogre
  8676 | D:10     | Killed a two-headed ogre
  8801 | D:10     | Found a shimmering altar of Xom.
  8877 | D:10     | Found a glowing golden altar of the Shining One.
  8919 | D:10     | Found a staircase to the Lair.
  9485 | D:11     | Reached ***** piety under Sif Muna
  9491 | D:11     | Noticed a skeletal warrior
  9586 | D:11     | Noticed a skeletal warrior
  9589 | D:11     | Killed a skeletal warrior
  9589 | D:11     | Received a gift from Sif Muna
  9590 | D:11     | Noticed a skeletal warrior
  9603 | D:11     | Killed a skeletal warrior
  9603 | D:11     | Reached skill level 5 in Fighting
  9623 | D:11     | Learned a level 5 spell: Bolt of Magma
  9630 | D:11     | Learned a level 6 spell: Iron Shot
  9676 | D:11     | Found an opulent altar of Gozag.
  9832 | D:11     | Reached XP level 12. HP: 68/68 MP: 21/27
 10460 | D:11     | Identified the +6 plate armour of the Maze {rElec} (You
                  | found it on level 8 of the Dungeon)
 10735 | D:12     | Mangled by an enormous slime creature

Levels and vault maps discovered:
D:1:      matt_arrival_refuge, layout_basic, chequers_serial_rivers_room_a,
          minmay_lizard_king
D:2:      layout_loops_ring, first_ration
D:3:      layout_basic
D:4:      layout_cave_pools, kennysheep_generic_room_12
D:5:      layout_loops_ring, gammafunk_temple_overflow_claw,
          minmay_temple_entry_tees, sigmund_army, uniq_grinder, uniq_duvessa
D:6:      layout_basic, chequers_serial_rivers_marsh, water_maze_lemuel
D:7:      layout_cave_pools, serial_shops,
          nicolae_shop_temple_entry_statues_fountains,
          nicolae_ossuary_entry_giza, mrwooster_statue_mirror, grunt_livestock,
          minmay_manual_mares, uniq_menkaure, uniq_pikel, uniq_harold
D:8:      layout_loops_ring, nemelex_xobeh_ov_fountains_minmay, st_stairs_10,
          minivault_19, nicolae_two_hexagons, uniq_psyche
D:9:      layout_stronghold, serial_shops, kennysheep_mini_moat
D:10:     nrook_guardian_serpent_snake_passage, layout_loops_ring,
          lair_entry_dummy, basic_altar, xom_teletrap_fun
D:11:     layout_basic, nicolae_gozag_cash_rules_everything_around_me
D:12:     layout_roguey, hiddenorc1_lemuel, grunt_dithmenos_smoke_and_mirrors,
          uniq_frances
Temple:   dpeg_five_rooms_temple

Skill      XL: |  1  2  3  4  5  6  7  8  9 10 11 12 |
---------------+-------------------------------------+-----
Earth Magic    | 4 5 6 7 9 10 11 | 11.2
Spellcasting   | 3 4 5 6 7 9 10 11 | 11.8
Conjurations   | 1 2 3 4 5 7 8 9 |  9.7
Invocations    | 4 7 8 |  8.1
Fighting       | 2 5 |  5.5
Dodging        | |  1.5
Stealth        | |  2.1
Transmutations | |  0.7

Action                   |  1- 3 |  4- 6 |  7- 9 | 10-12 || total
-------------------------+-------+-------+-------+-------++-------
Melee: Unarmed           |    18 |       |       |       ||    18
       Short sword       |   103 |    59 |    22 |       ||   184
       Club              |     9 |       |       |       ||     9
       Flail             |       |    29 |       |       ||    29
       War axe           |       |       |    21 |       ||    21
       Whip              |       |       |   160 |   300 ||   460
       Hand axe          |       |       |       |     8 ||     8
 Fire: Hunting sling     |       |       |       |     5 ||     5
 Cast: Sandblast         |    28 |    55 |    93 |    91 ||   267
       Stone Arrow       |       |     4 |     7 |    17 ||    28
       Lee's Rapid Decon |       |       |    10 |    34 ||    44
       Petrify           |       |       |     3 |       ||     3
  Use: Scroll            |       |     1 |     9 |     7 ||    17
 Stab: Sleeping          |     2 |     4 |       |       ||     6
  Eat: Chunk             |     3 |     6 |    10 |    20 ||    39
       Ration            |       |       |     1 |       ||     1
Armor: Robe              |    62 |    43 |   138 |   178 ||   421
       Troll leather arm |       |       |       |     4 ||     4
Dodge: Dodged            |   117 |    67 |   215 |   271 ||   670

Table legend:
 A = Non-vault XP
 B = Vault XP
 C = Vault XP percentage of total XP
 D = Non-vault monster count
 E = Vault monster count
 F = Vault count percentage of total count
                 A         B        C        D         E       F
            +---------+---------+-------+---------+---------+-------
      Total |   15944 |    5078 |  24.2 |     257 |      75 |  22.6
            +---------+---------+-------+---------+---------+-------
        D:1 |      32 |      12 |  27.3 |      22 |      10 |  31.2
        D:2 |      77 |       0 |   0.0 |      17 |       0 |   0.0
        D:3 |      35 |       0 |   0.0 |       9 |       0 |   0.0
        D:4 |     163 |      40 |  19.7 |      18 |       1 |   5.3
        D:5 |     621 |     531 |  46.1 |      13 |       9 |  40.9
        D:6 |     890 |       0 |   0.0 |      28 |       0 |   0.0
        D:7 |     709 |    2897 |  80.3 |      11 |      11 |  50.0
        D:8 |    2460 |     438 |  15.1 |      42 |       2 |   4.5
        D:9 |    2078 |       0 |   0.0 |      30 |       0 |   0.0
       D:10 |    3097 |     911 |  22.7 |      18 |       2 |  10.0
       D:11 |    4124 |       0 |   0.0 |      33 |       0 |   0.0
       D:12 |    1658 |       6 |   0.4 |      16 |       2 |  11.1
    Ossuary |       0 |     243 | 100.0 |       0 |      38 | 100.0
            +---------+---------+-------+---------+---------+-------
